 Dungeon Crawl Stone Soup version 0.19-a0-713-g934ebc7 (webtiles) character file.

105 Ijustatesigmund the Magician (level 4, 0/24 HPs)
             Began as a Deep Elf Wizard on June 20, 2016.
             Slain by a giant frog skeleton (3 damage)
             ... on level 4 of the Dungeon.
             The game lasted 00:13:22 (3839 turns).

Ijustatesigmund the Magician (Deep Elf Wizard)      Turns: 3839, Time: 00:13:23

Health: 0/24       AC:  2    Str:  4    XL:     4   Next: 54%
Magic:  9/13       EV: 15    Int: 23    God:
Gold:   74         SH:  0    Dex: 19    Spells: 5 memorised, 4 levels left

rFire  . . .     SeeInvis .     p - +2 dagger (flame)
rCold  . . .     Gourm    .     a - +0 robe
rNeg   . . .     Faith    .     (no shield)
rPois  .         Spirit   .     b - +0 hat
rElec  .         Dismiss  .     (no cloak)
rCorr  .         Reflect  .     (no gloves)
SustAt .         Harm     .     (no boots)
MR     .....                    (no amulet)
Stlth  ++........               (no ring)
                                i - +5 ring of dexterity

@: very slightly contaminated, repel missiles, not resistant to hostile
enchantments, unstealthy
A: no striking features
a: no special abilities


You were on level 4 of the Dungeon.
You were not hungry.

You visited 1 branch of the dungeon, and saw 4 of its levels.

You collected 74 gold pieces.

Inventory:

Hand Weapons
 e - a +1 dagger of venom
 m - a +0 blowgun
 o - a +1 dagger of speed
 p - a +2 dagger of flaming (weapon)
Missiles
 n - 8 poisoned needles
Armour
 a - a +0 robe (worn)
 b - a +0 hat (worn)
Jewellery
 i - a +5 ring of dexterity (left hand)
Scrolls
 f - a scroll of identify
Potions
 h - a potion of brilliance
 k - a potion of might
 q - a potion of agility
Books
 c - a book of Minor Magic

   Spells                             Type                      Level
   a - Magic Dart                     Conjuration                  1
   b - Blink                          Translocation                2
   c - Call Imp                       Summoning                    2
   d - Repel Missiles                 Charms/Air                   2
   e - Slow                           Hexes                        2
   f - Conjure Flame                  Conjuration/Fire             3
   g - Mephitic Cloud                 Conjuration/Poison/Air       3
 j - a book of Ice

   Spells                             Type                      Level
   a - Ice Form                       Ice/Transmutation            4
   b - Metabolic Englaciation         Hexes/Ice                    5
   c - Ozocubu's Refrigeration        Ice                          6
   d - Bolt of Cold                   Conjuration/Ice              6
   e - Freezing Cloud                 Conjuration/Ice/Air          6
   f - Simulacrum                     Ice/Necromancy               6
Comestibles
 d - a beef jerky
 g - 3 meat rations
 l - a slice of pizza


   Skills:
 + Level 1.1 Short Blades
 - Level 3.9 Dodging
 - Level 2.4 Stealth
 - Level 5.2 Spellcasting
 - Level 2.1 Conjurations
 - Level 1.1 Summonings
 - Level 2.1 Translocations


You had 4 spell levels left.
You knew the following spells:

 Your Spells              Type           Power        Failure   Level  Hunger
a - Magic Dart            Conj           ###.         4%          1    None
b - Blink                 Tloc           N/A          10%         2    None
c - Repel Missiles        Chrm/Air       #.....       17%         2    None
d - Call Imp              Summ           ##......     12%         2    None
e - Slow                  Hex            #.......     17%         2    None


Dungeon Overview and Level Annotations

Branches:
Dungeon (4/15)
 Temple: D:4-7

Altars:
Zin


Message History

Aim: a giant frog skeleton The magic dart hits the giant frog skeleton.
The giant frog skeleton barely misses you.
Casting: Magic Dart
Confirm with . or Enter, or press ? or * to list all spells.
Aiming: Magic Dart
Press: ? - help, Shift-Dir - straight line, f/p - giant frog skeleton
Aim: a giant frog skeleton The magic dart hits the giant frog skeleton.
The giant frog skeleton barely misses you.
Casting: Magic Dart
Confirm with . or Enter, or press ? or * to list all spells.
Aiming: Magic Dart
Press: ? - help, Shift-Dir - straight line, f/p - giant frog skeleton
Aim: a giant frog skeleton The magic dart hits the giant frog skeleton.
The giant frog skeleton hits you.
* * * LOW HITPOINT WARNING * * *
The giant frog skeleton hits you.
You die...

#.######.###.#.#.##....
#........# ##.##.# ..
#######..# #.##.# #..#
#.##.# #..# ##.##.#
#..###.#.#.####.#
#.....###..<...#
#Z####.#.#....##
#@#####.######.#
#.......# .# #########
.# #


You could see a giant frog skeleton.

Vanquished Creatures
  2 adder skeletons (D:2)
  2 adder zombies (D:2)
  4 worms (D:2)
  A dart slug (D:2)
  2 giant geckos
  5 orcs (D:3)
  A bat skeleton (D:2)
  5 giant cockroaches
  8 goblins
  5 hobgoblins
  4 jackals (D:2)
  11 kobolds
  2 quokkas (D:3)
  2 ball pythons
  4 bats
  A giant cockroach zombie (D:2)
  3 giant gecko skeletons
  3 giant newts
  2 quokka skeletons (D:2)
67 creatures vanquished.

Notes
Turn   | Place    | Note
--------------------------------------------------------------
     0 | D:1      | Ijustatesigmund the Deep Elf Wizard began the quest for the Orb.
     0 | D:1      | Reached XP level 1. HP: 10/10 MP: 7/7
   364 | D:1      | Reached XP level 2. HP: 15/15 MP: 2/9
   368 | D:1      | Learned a level 2 spell: Blink
   371 | D:1      | Learned a level 2 spell: Repel Missiles
  1056 | D:2      | Reached XP level 3. HP: 6/19 MP: 0/10
  1367 | D:2      | Learned a level 2 spell: Call Imp
  1535 | D:2      | Reached skill level 1 in Short Blades
  2526 | D:2      | Reached XP level 4. HP: 24/24 MP: 9/12
  2878 | D:3      | Found a glowing silver altar of Zin.
  2982 | D:3      | Reached skill level 5 in Spellcasting
  3806 | D:4      | Learned a level 2 spell: Slow
  3839 | D:4      | Slain by a giant frog skeleton

Vault maps used:
D:1:      lemuel_arrival_lava_pool
D:2:      serial_undead, serial_undead_d, serial_undead_a, serial_undead_f,
          serial_undead_f, minmay_misc_feat_doors
D:3:      zin_academy, st_stairs_6, uniq_grinder
D:4:      uniq_sigmund, uniq_menkaure

Skill      XL: |  1  2  3  4 |
---------------+-------------+-----
Dodging        | 3 |  3.9
Short Blades   | 1 |  1.1
Conjurations   | 2 |  2.1
Translocations | 2 |  2.1
Spellcasting   | 5 |  5.2
Stealth        | |  2.4
Summonings     | |  1.1

Action                   |  1- 3 |  4- 6 || total
-------------------------+-------+-------++-------
Melee: Short sword       |    38 |       ||    38
       Dagger            |       |    13 ||    13
 Cast: Magic Dart        |   138 |    51 ||   189
       Repel Missiles    |     1 |       ||     1
       Blink             |       |     1 ||     1
  Use: Scroll            |     6 |     1 ||     7
 Stab: Sleeping          |       |     4 ||     4
  Eat: Chunk             |     3 |     1 ||     4
       Bread ration      |     1 |       ||     1
Armor: Robe              |    12 |     1 ||    13
Dodge: Dodged            |    58 |    13 ||    71
       Deflected         |       |     1 ||     1
